 Dungeon Crawl Stone Soup version 0.31-a0-95-g6fa058ef04 (webtiles) character file.

Game seed: 4647371845167535354

53 greasedhog the Chopper (level 3, 0/23 HPs)
             Began as a Tengu Fighter on May 25, 2023.
             Slain by a goblin
             ... wielding a +0 club
             ... led by Robin
              (5 damage)
             ... on level 2 of the Dungeon.
             The game lasted 00:01:18 (1275 turns).

greasedhog the Chopper (Tengu Fighter)              Turns: 1275, Time: 00:01:21

Health: 0/23       AC:  9    Str: 18    XL:     3   Next: 89%
Magic:  4/4        EV: 12    Int:  8    God:
Gold:   112        SH:  4    Dex: 13    Spells: 2/2 levels left

rFire   . . .        a - +0 war axe
rCold   . . .        c - +0 buckler
rNeg    . . .        j - +0 chain mail
rPois   .            (helmet restricted)
rElec   .            (no cloak)
rCorr   .            (no gloves)
SInv    .            (boots unavailable)
Will    .....        b - amulet of the acrobat Stlth
                     e - +5 ring of evasion
HPRegen 0.23/turn    (no ring)
MPRegen 0.09/turn

%: acrobat
@: no status effects
A: beak, talons 3
a: no special abilities


You were on level 2 of the Dungeon.
You visited 1 branch of the dungeon, and saw 2 of its levels.

You collected 112 gold pieces.

Inventory:

Hand Weapons
 a - a +0 war axe (weapon)
Armour
 c - a +0 buckler (worn)
 j - a +0 chain mail (worn)
Jewellery
 b - an amulet of the acrobat (around neck)
 e - a +5 ring of evasion (left hand)
Scrolls
 f - a scroll of amnesia {unknown}
 g - 3 scrolls of fog {unknown}
 h - a scroll of fear {unknown}
 i - a scroll of teleportation {unknown}
 k - a scroll of torment {unknown}
Potions
 d - a potion of might
 l - a potion of enlightenment {unknown}


   Skills:
 + Level 3.6 Fighting
 * Level 3.8 Axes
 - Level 3.2 Armour
 - Level 3.0 Shields


You had 2 spell levels left.
You didn't know any spells.
Your spell library was empty.

Dungeon Overview and Level Annotations

Branches:
Dungeon (2/15)

Altars:

Annotations:
D:2 1 runed translucent door, Crazy Yiuf, Robin


Innate Abilities, Weirdness & Mutations

You have a beak for a mouth.
You have claws for feet.


Message History

You hit the hobgoblin. Your peck misses the hobgoblin.
The hobgoblin is severely wounded.
You slash the goblin!
You kill the goblin!
You closely miss the goblin.
The hobgoblin no longer looks unusually strong.
The goblin hits you with a +0 club.
The hobgoblin hits you but does no damage.
You barely miss the hobgoblin. You claw the hobgoblin.
You kill the hobgoblin!
You barely miss the goblin.
The goblin no longer looks unusually strong.
You block the goblin's attack. The goblin closely misses you.
The goblin hits you but does no damage.
You hit the goblin. Your kick misses the goblin. Your peck misses the goblin.
The goblin is severely wounded.
You hit the goblin.
You kill the goblin!
The goblin hits you with a +0 club.
Robin roars a battlecry!
The goblins go into a battle-frenzy!
You barely miss the goblin. Your peck misses the goblin.
The goblin is severely wounded.
The goblin barely misses you. Robin throws the goblin at you!
The goblin hits you but does no damage.
You slash the goblin!
You kill the goblin!
You barely miss the goblin. Robin throws the goblin at you!
You block the goblin's attack.
You slash the goblin!
You kill the goblin!
You closely miss the goblin. You block the goblin's attack.
Robin throws the goblin at you! You block the goblin's attack.
You barely miss the goblin. x2; You block the goblin's attack.
The goblin hits you with a +0 club. Robin throws the goblin at you!
* * * LOW HITPOINT WARNING * * *
The goblin hits you with a +0 club.
* * * LOW HITPOINT WARNING * * *
The goblin hits you with a +0 club.
You die...

... .# .# #.. .#
...##..##.# #g.......#
.g...#..# ####
g####..#..# #..
g.g.g.....# #.#
########g## ###.###
####@#### #......
#..ggg..# #..#.##
#.......## ##.###.#
#........# ##.## ##.
#........# #.## ##
#.......<#####.## ##.
+................###..
##........######..#.).
#.##.##..# #...##


You could see Robin and 3 goblins.

Vanquished Creatures
  A dart slug (D:1)
  4 ball pythons
  A bat (D:1)
  2 endoplasms
  2 giant cockroaches
  9 goblins
  5 hobgoblins
  7 jackals (D:1)
  8 kobolds
  A quokka (D:1)
  A frilled lizard (D:2)
  2 rats
43 creatures vanquished.

Notes
Turn   | Place    | Note
-------+----------+-------------------------------------------
     0 | D:1      | greasedhog the Tengu Fighter began the quest for the Orb.
     0 | D:1      | Reached XP level 1. HP: 14/14 MP: 2/2
    45 | D:1      | Reached XP level 2. HP: 19/19 MP: 3/3
   461 | D:1      | Reached XP level 3. HP: 22/23 MP: 4/4
  1165 | D:2      | Found a runed translucent door.
  1166 | D:2      | Noticed Crazy Yiuf
  1254 | D:2      | Noticed Robin
  1275 | D:2      | Slain by a goblin

Illustrated notes

Levels and vault maps discovered:
D:1:      dpeg_arrival_oval, layout_loops_corners
D:2:      layout_loops_corners, shapermc_ecumenical_altar_totnotflames,
          minmay_misc_feat_hallway, uniq_crazy_yiuf_cottage, uniq_robin

Skill      XL: |  1  2 |
---------------+-------+-----
Axes           | 3 |  3.8
Fighting       | |  3.6
Armour         | |  3.2
Shields        | |  3.0

Action                     || total
---------------------------++-------
  Melee: War axe           ||    86
         Kick              ||    19
         Peck              ||     4
 Armour: Scale mail        ||    31
         Chain mail        ||    14
  Dodge: Dodged            ||    30
  Block: Buckler           ||    21

Table legend: (Time is in decaauts)
 A = Elapsed time spent in this place.
 B = Non-inter-level travel time spent in this place.
 C = Inter-level travel time spent in this place.
 D = Time resting spent in this place.
 E = Time spent auto-exploring this place.
 F = Levels seen in this place.
 G = Mean time per level.
                   A        B        C        D        E       F      G
               +--------+--------+--------+--------+--------+-----+--------+
         Total |   1305 |   1271 |     34 |      0 |   1023 |   2 |  652.5 |
       Dungeon |   1305 |   1271 |     34 |      0 |   1023 |   2 |  652.5 |
               +--------+--------+--------+--------+--------+-----+--------+

Top non-repeatable levels by time:
     D:1: 1059 daAuts
     D:2: 246 daAuts
